Map: Ruins of Seras

Players

Vaisravana

  • Race: Zerg Zerg
  • League: Master

PiG - Winner!

  • Race: Zerg Zerg

Event: NationWars III

VOD

Have the link to the VOD?

Description

Time

  • Played on: Nov. 21, 2015, 3:45 p.m.
  • Length: 4:51

All games in this series

Show
View Real Time Build Order
Export as new Build Order

Vaisravana Zerg 

Build Orders: Hatch First 

Get SALT Encoding   

  12  0:01  Drone  
  13  0:13  Overlord  
  13  0:18  Drone  
  14  0:31  Drone x2  
  16  0:36  Drone  
  17  0:53  Hatchery  
  16  0:57  Drone  
  16  1:01  Drone  
  18  1:09  Drone  
  19  1:12  Extractor  
  18  1:22  Drone  
  18  1:23  Spawning Pool  
  18  1:29  Drone  
  19  1:40  Drone  
  20  1:53  Drone  
  21  2:01  Drone  
  22  2:09  Zergling x2  
  22  2:10  Queen x2  
  22  2:11  Overlord  
  27  2:21  Roach Warren  
  26  2:28  Overlord  
  26  2:29  Overlord  
  26  2:49  Overlord  
  26  2:50  Overlord  
  26  3:02  Roach x3  
  26  3:04  Roach x2  
  36  3:19  Zergling x10  
  41  3:24  Ravager x2  
  43  3:32  Zergling x8  
  47  3:38  Zergling x4  
  49  3:46  Ravager  
  49  3:47  Zergling x2  
  51  3:53  Zergling x2  
  51  3:54  Zergling x4  
  54  4:00  Zergling x4  
  54  4:02  Zergling x2  
  57  4:03  Zergling x2  
  57  4:07  Zergling x2  
  59  4:12  Zergling x2  
  61  4:17  Ravager  
  61  4:18  Zergling x4  
Show
View Real Time Build Order
Export as new Build Order

PiG Zerg - Winner!

Build Orders: Hatch First 

Get SALT Encoding   

  12  0:01  Drone  
  13  0:14  Overlord  
  13  0:18  Drone  
  14  0:32  Drone x2  
  16  0:40  Drone  
  17  0:53  Hatchery  
  17  0:56  Drone  
  17  1:00  Drone  
  18  1:14  Spawning Pool  
  18  1:16  Drone  
  18  1:20  Drone  
  18  1:25  Extractor  
  18  1:29  Drone  
  19  1:50  Hatchery  
  19  1:53  Drone  
  19  1:54  Drone  
  20  2:04  Drone  
  20  2:05  Queen  
  23  2:15  Queen  
  23  2:19  Drone  
  23  2:22  Drone  
  27  2:27  Overlord  
  27  2:34  Metabolic Boost  
  27  2:37  Zergling x2  
  28  2:45  Queen  
  30  2:52  Drone  
  30  2:54  Baneling Nest  
  30  2:55  Drone  
  31  3:07  Zergling x4  
  31  3:08  Drone x2  
  35  3:15  Drone x3  
  38  3:21  Overlord  
  38  3:26  Drone x2  
  40  3:29  Drone  
  40  3:30  Zergling x2  
  42  3:38  Baneling x2  
  42  3:42  Zergling x8  
  42  3:43  Zergling x2  
  42  3:47  Zergling x4  
  49  3:54  Zergling x2  
  50  3:55  Overlord  
  49  4:03  Spine Crawler  
  49  4:04  Baneling  
  49  4:05  Zergling x2, Baneling  
  49  4:08  Baneling x2  
  49  4:15  Zergling x12  
  55  4:18  Zergling x4  
  57  4:25  Overlord  
  57  4:34  Zergling x4  
Tags
 
Add a new tag
Caveats
  • Supply blocks, unpowered buildings, or Contaminate may cause inaccurate times.
  • Supply counts are checked every 10 seconds.